 Dungeon Crawl Stone Soup version 0.29.1-12-g30fa7ad0bf (webtiles) character file.

Game seed: 14399572871418223552

24 booth the Covered (level 2, -2/27 HPs)
             Began as a Minotaur Fighter on Dec 20, 2022.
             Killed by nerve-wracking pain
             ... invoked by Jessica
              (11 damage)
             ... on level 3 of the Dungeon.
             The game lasted 00:09:25 (1209 turns).

booth the Covered (Minotaur Fighter)                Turns: 1209, Time: 00:09:26

Health: -2/27      AC:  7    Str: 26    XL:     2   Next: 79%
Magic:  1/1        EV:  9    Int:  5    God:
Gold:   119        SH:  5    Dex:  9    Spells: 1/1 levels left

rFire   . . .      SeeInvis .   a - +0 war axe
rCold   . . .      Faith    .   f - +1 buckler {reflect}
rNeg    . . .      Spirit   .   b - +0 scale mail
rPois   .          Reflect  +   (helmet restricted)
rElec   .          Harm     .   (no cloak)
rCorr   .          Rampage  .   (no gloves)
Will    .....                   (no boots)
Stlth   ..........              (no amulet)
HPRegen 0.09/turn               m - +6 ring of strength
MPRegen 0.07/turn               (no ring)

@: no status effects
A: horns 2, retaliatory headbutt
a: no special abilities


You were on level 3 of the Dungeon.
You visited 1 branch of the dungeon, and saw 3 of its levels.

You collected 119 gold pieces.

Inventory:

Hand Weapons
 a - a +0 war axe (weapon)
 j - a +0 battleaxe
Missiles
 k - 6 silver boomerangs (quivered)
Armour
 b - a +0 scale mail (worn)
 c - a +0 buckler
 f - a +1 buckler of reflection (worn)
Jewellery
 m - a +6 ring of strength (left hand)
Scrolls
 e - a scroll of amnesia
 h - a scroll of blinking {unknown}
 l - 3 scrolls of immolation
 o - a scroll of enchant weapon {unknown}
Potions
 d - a potion of might
 g - a potion of berserk rage {unknown}
 i - a potion of flight
 n - a potion of magic


   Skills:
 + Level 4.1 Fighting
 + Level 2.9 Axes
 + Level 4.1 Armour
 + Level 3.9 Shields


You had one spell level left.
You didn't know any spells.
Your spell library contained the following spells:

 Spells                   Type           Power      Damage    Failure   Level
 Foxfire                  Conj/Fire      0%         2x1d4     83%         1
 Summon Small Mammal      Summ           0%         N/A       83%         1
 Call Canine Familiar     Summ           0%         N/A       99%         3
 Conjure Flame            Conj/Fire      0%         6-21      99%         3
 Inner Flame              Hex/Fire       0%         N/A       99%         3
 Summon Guardian Golem    Hex/Summ       0%         N/A       99%         3
 Cause Fear               Hex            0%         N/A       100%        4
 Flame Wave               Conj/Fire      0%         2d4       100%        4
 Hailstorm                Conj/Ice       0%         3d3       100%        4
 Ice Form                 Ice/Tmut       0%         N/A       100%        4
 Simulacrum               Ice/Necr       0%         N/A       100%        6
 Dragon Form              Tmut           0%         N/A       100%        7
 Dragon's Call            Summ           0%         N/A       100%        9


Dungeon Overview and Level Annotations

Branches:
Dungeon (3/15)

Altars:

Shops:
D:1 *   D:3 *

Annotations:
D:3 Jessica


Innate Abilities, Weirdness & Mutations

You have a pair of horns on your head.
You reflexively headbutt those who attack you in melee.


Message History

p - a scroll of identify
There is an entrance to Dyvue's Assorted Antiques here.
As you read the scroll of identify, it crumbles to dust.
i - a potion of flight Jessica the Apprentice Sorceress comes into view.
She is wielding a +0 dagger, wearing a +2 robe of fire resistance and carrying a wand of roots (10).
Jessica shouts!
Throw: 6 boomerangs (silver)
Press: ? - help, Q - select action Shift-Dir - straight line, f - Jessica
Aim: Jessica, wielding a +0 dagger, wearing a +2 robe of fire resistance and carrying a wand of roots (10) (56% to hit)
You throw a silver boomerang.
The silver boomerang barely misses Jessica.
Jessica casts a spell at you. You resist with some effort.
Jessica gestures at you while chanting. You resist with some effort.
Jessica barely misses you.
You barely miss Jessica. Jessica hits you with a +0 dagger.
You barely miss Jessica. You headbutt Jessica, but do no damage.
Jessica hits you with a +0 dagger. Jessica hits you but does no damage.
You hit Jessica but do no damage.
Jessica zaps a wand.
The roots erupt in riotous growth!
The grasping roots grab you!
Jessica is unaffected.
The grasping roots constrict you.
Throw: 6 boomerangs (silver)
Press: ? - help, Q - select action Shift-Dir - straight line, f/p - Jessica
Aim: Jessica, wielding a +0 dagger, wearing a +2 robe of fire resistance and carrying a wand of roots (9) (56% to hit)
You throw a silver boomerang.
The silver boomerang closely misses Jessica.
You block Jessica's attack. The grasping roots constrict you.
Jessica gestures at you while chanting. Pain shoots through your body!
The grasping roots constrict you.
* * * LOW HITPOINT WARNING * * *
You hit Jessica but do no damage. Jessica hits you but does no damage.
The grasping roots constrict you.
The grasping roots release their grip on you.
You hit Jessica but do no damage. Jessica completely misses you.
You closely miss Jessica. You block Jessica's attack.
Jessica points at you and mumbles some strange words.
Pain shoots through your body!
You die...

##########.#.
#.@@.........
#....#<#.####.##
..... #..∩..#
.... #.#......#
... #.#.#.#....
.. ....#.# ..# .
.#...#.# ..
#.#.#.# # . #
#.#.#


You could see Jessica.

Vanquished Creatures
  A worm (D:2)
  A dart slug (D:2)
  4 ball pythons
  3 endoplasms (D:2)
  A giant cockroach (D:1)
  A hobgoblin (D:1)
  4 bats
  A frilled lizard (D:1)
  A kobold (D:1)
  3 rats
20 creatures vanquished.

Notes
Turn   | Place    | Note
-------+----------+-------------------------------------------
     0 | D:1      | booth the Minotaur Fighter began the quest for the Orb.
     0 | D:1      | Reached XP level 1. HP: 19/19 MP: 0/0
    16 | D:1      | Found Folesm's General Store.
   437 | D:1      | Reached XP level 2. HP: 26/27 MP: 1/1
  1147 | D:2      | Found a faded altar of an unknown god.
  1192 | D:3      | Found Dyvue's Assorted Antiques.
  1199 | D:3      | Noticed Jessica
  1209 | D:3      | Killed from afar by Jessica

Illustrated notes

Levels and vault maps discovered:
D:1:      minmay_arrival_cross, layout_basic, serial_shops, shop
D:2:      layout_basic, hellmonk_ecumenical_altar_pennies_from_heaven,
          patterned_corridor
D:3:      minmay_thinvault, layout_basic, lemuel_coloured_pillars_altar,
          serial_shops, shop, shop_statue, shop, uniq_jessica, uniq_terence

Skill      XL: |  1  2 |
---------------+-------+-----
Armour         | 4 |  4.1
Fighting       | 4 |  4.1
Axes           | |  2.9
Shields        | |  3.9

Action                   || total
-------------------------++-------
Melee: War axe           ||    45
       Headbutt          ||     5
Throw: Boomerang         ||     2
  Use: Scroll            ||     5
Armor: Scale mail        ||    20
Dodge: Dodged            ||    25
Block: Buckler           ||    11
       Reflection        ||     1
